 Dungeon Crawl Stone Soup version 0.31-a0-986-g5e6e4ef867 (webtiles) character file.

Game seed: 2098476857310538006

1302 croobank the Covert (level 8, -3/56 HPs)
             Began as an Octopode Delver on Nov 14, 2023.
             Was an Initiate of Ashenzari.
             Slain by an orc wizard
             ... wielding a +1 dagger of venom
              (5 damage)
             ... on level 6 of the Dungeon.
             The game lasted 00:20:10 (5621 turns).

croobank the Covert (Octopode Delver)               Turns: 5621, Time: 00:20:10

Health: -3/56      AC:  1    Str: 11    XL:     8   Next: 57%
Magic:  8/8        EV: 14    Int: 21    God:    Ashenzari [......]
Gold:   79         SH:  0    Dex: 13    Spells: 7/7 levels left

rFire   . . .        w - +3 short sword (speed)
rCold   . . .        (no shield)
rNeg    . . .        (helmet restricted)
rPois   .            k - amulet of reflection
rElec   .            C - ring "Share My Anxiety" {Int+6, Alch, Comp} (curse)
rCorr   +            J - ring of resist corrosion
SInv    .            (no ring)
Will    .....        (no ring)
Stlth   +++          (no ring)
HPRegen 0.29/turn    (no ring)
MPRegen 0.11/turn    (no ring)
                     (no ring)

%: reflection
@: confused, lethally poisoned (-3 -> -17), ambrosia-drunk
A: almost no armour, amphibious, 8 rings, camouflage 1, gelatinous body 1,
(nimble swimmer 1), tentacles
a: Renounce Religion, Curse Item, Shatter the Chains


You were on level 6 of the Dungeon.
You worshipped Ashenzari.
Ashenzari was noncommittal.
You visited 2 branches of the dungeon, and saw 7 of its levels.

You collected 299 gold pieces.
You spent 220 gold pieces at shops.

Inventory:

Hand Weapons
 a - a +0 short sword
 g - a +0 flail
 i - a +1 hand axe of draining
 j - a +0 dagger
 l - a +0 hand axe of flaming
 t - a +0 dagger of protection
 w - a +3 short sword of speed (weapon)
 y - a +1 whip of electrocution
 D - a +0 trident
 I - a +1 flail of protection
Missiles
 m - 6 boomerangs
 v - 8 poisoned darts (quivered)
Armour
 A - a +1 buckler
Magical Staves
 e - a staff of death
 H - a staff of cold
Jewellery
 k - an amulet of reflection (around mantle)
 q - an amulet of regeneration
 C - the cursed ring "Share My Anxiety" (left tentacle) {Int+6, Alch, Comp}
   (You found it on level 3 of the Dungeon)

   [ring of intelligence]

   Int+6:     It affects your intelligence (+6).
   It has a curse which improves the following skills: Alchemy: Poison Magic and
   Transmutations.
   Companions: Summonings and Necromancy.
 J - a ring of resist corrosion (right tentacle)
Wands
 f - a wand of digging (3)
 h - a wand of flame (22)
Scrolls
 b - 3 scrolls of fog
 c - a scroll of revelation
 d - 4 scrolls of fear
 n - 4 scrolls of identify
 o - a scroll of teleportation
 p - a scroll of immolation
 K - a scroll of amnesia
Potions
 x - 2 potions of enlightenment
 B - 2 potions of attraction
 E - 2 potions of mutation
 F - a potion of resistance
 G - a potion of cancellation


   Skills:
 + Level 5.5 Fighting
 + Level 5.0 Short Blades
 + Level 3.1 Throwing
 + Level 5.0 Dodging
 + Level 9.4 Stealth
 + Level 1.3 Shields


You had 7 spell levels left.
You didn't know any spells.
Your spell library contained the following spells:

 Spells                   Type           Power      Damage    Failure   Level
 Inner Flame              Hex/Fire       0%         N/A       47%         3
 Volatile Blastmotes      Fire/Tloc      0%         2d10      47%         3
 Fulminant Prism          Conj/Hex       0%         3d5       87%         4
 Iskenderun's Mystic Bla  Conj/Tloc      0%         2d3       87%         4
 Yara's Violent Unravell  Hex/Tmut       0%         3d3       99%         5
 Enfeeble                 Hex            0%         N/A       100%        7


Dungeon Overview and Level Annotations

Branches:
Dungeon (6/15)             Temple (1/1) D:4

Altars:
Ashenzari
Cheibriados
Dithmenos
Fedhas
Hepliaklqana
Kikubaaqudgha
Makhleb
Nemelex Xobeh
Qazlal
Ru
Sif Muna
Uskayaw
Vehumet
Wu Jian
Xom
Yredelemnul
The Shining One
Ignis

Shops:
D:2 [   D:5 =

Annotations:
D:3 1 runed translucent door


Innate Abilities, Weirdness & Mutations

You cannot wear most types of armour.
You are amphibious.
You can wear up to eight rings at the same time.
Your skin changes colour to match your surroundings (Stealth+).
Your rubbery body absorbs attacks. (AC +1, EV +1)
((You are camouflaged when in or above water. (Stealth+)))
You have tentacles for arms and can constrict up to eight enemies at once.


Message History

You miss the orc wizard.
The orc wizard is moderately wounded.
You feel sick.
You bump into the rock wall.
You feel very sick.
The orc wizard hits you with a +1 dagger of venom.
* * * LOW HITPOINT WARNING * * *
You are lethally poisoned!
You hit the orc wizard.
The orc wizard is heavily wounded.
* * * LOW HITPOINT WARNING * * *
You feel sick.
You bump into the rock wall.
You feel very sick.
The orc wizard hits you with a +1 dagger of venom.
* * * LOW HITPOINT WARNING * * *
You are lethally poisoned!
You bump into the rock wall.
* * * LOW HITPOINT WARNING * * *
You feel very sick.
The orc wizard hits you with a +1 dagger of venom.
* * * LOW HITPOINT WARNING * * *
You are more poisoned.
You bump into the rock wall.
You feel less invigorated.
You feel less confused.
* * * LOW HITPOINT WARNING * * *
You feel very sick. The orc wizard barely misses you.
You completely miss the orc wizard. Your grab misses the orc wizard.
The orc wizard is heavily wounded.
* * * LOW HITPOINT WARNING * * *
You feel very sick.
The orc wizard hits you with a +1 dagger of venom.
* * * LOW HITPOINT WARNING * * *
You are confused.
You feel invigorated.
* * * LOW HITPOINT WARNING * * *
You feel very sick.
The orc wizard hits you with a +1 dagger of venom.
You die...

..........
......#..#
#.## ..
#......#
#..###
...###.....#
##..##
.....(#..#
##...
...##..(##
##..
#.....)(##
#.[
........)##
#..
##...###o)##
#.. #...
#@##.# ###
...# #####.#
.#. ... .
#.... ##.##
##


You could see an orc wizard.

Vanquished Creatures
  Sigmund (D:2)
  An acid dragon (D:5)
  A sky beast (D:6)
  A black bear (D:4)
  A centaur (D:6)
  Blork the orc (D:6)
  A gnoll sergeant (D:5)
  A scorpion (D:4)
  A howler monkey (D:6)
  2 hounds (D:5)
  3 orc priests
  A sleepcap (D:5)
  An iguana (D:5)
  3 orc wizards
  8 gnolls
  8 adders
  A worm (D:3)
  7 dart slugs
  22 orcs
  6 ball pythons
  7 endoplasms
  A giant cockroach (D:4)
  8 goblins
  3 hobgoblins
  9 kobolds
  5 quokkas
  8 bats
  4 frilled lizards
  2 kobold skeletons (D:3)
  4 rats
122 creatures vanquished.

Notes
Turn   | Place    | Note
-------+----------+-------------------------------------------
     0 | D:5      | croobank the Octopode Delver began the quest for the Orb.
     0 | D:5      | Reached XP level 1. HP: 16/16 MP: 1/1
    23 | D:6      | Noticed Blork the orc
    59 | D:5      | Noticed a hound
    66 | D:5      | Killed a hound
    67 | D:5      | Reached skill level 7 in Stealth
    67 | D:5      | Reached XP level 2. HP: 16/21 MP: 2/2
    67 | D:5      | Reached XP level 3. HP: 20/26 MP: 3/3
   164 | D:4      | Found a staircase to the Ecumenical Temple.
   260 | Temple   | Entered the Ecumenical Temple
   360 | D:4      | Reached XP level 4. HP: 31/31 MP: 4/4
   402 | D:4      | Noticed a scorpion
   543 | D:2      | Found Bacveck's Armour Shoppe.
   588 | D:2      | Found a faded altar of an unknown god.
  1594 | D:2      | Reached XP level 5. HP: 30/37 MP: 5/5
  1768 | D:2      | Noticed Sigmund
  2117 | D:2      | Killed Sigmund
  2118 | D:2      | Reached skill level 8 in Stealth
  2118 | D:2      | Reached XP level 6. HP: 16/43 MP: 6/6
  2314 | D:3      | Found a runed translucent door.
  2314 | D:3      | Noticed a human
  2320 | D:3      | Found a basalt altar of Yredelemnul.
  2680 | D:3      | Found an ancient bone altar of Kikubaaqudgha.
  2858 | D:3      | Found a sacrificial altar of Ru.
  2858 | D:3      | Found a broken altar of Ashenzari.
  2866 | D:3      | Became a worshipper of Ashenzari the Shackled
  2941 | D:3      | Found a faded altar of an unknown god.
  2943 | D:3      | Found a faded altar of an unknown god.
  2943 | D:3      | Found a hazy altar of Hepliaklqana.
  3233 | D:4      | Reached skill level 1 in Throwing
  3233 | D:4      | Reached XP level 7. HP: 49/49 MP: 7/7
  4207 | D:5      | HP: 2/49 [acid dragon/splash of acid (20)]
  4217 | D:5      | Reached skill level 5 in Fighting
  4217 | D:5      | Reached XP level 8. HP: 14/55 MP: 8/8
  4610 | D:5      | Reached skill level 9 in Stealth
  4674 | D:5      | Found Jenuoleq's Jewellery Shoppe.
  4677 | D:5      | Bought a ring of resist corrosion for 220 gold pieces
  5141 | D:6      | Killed Blork the orc
  5555 | D:6      | Reached skill level 1 in Shields
  5566 | D:6      | Reached skill level 5 in Short Blades
  5566 | D:6      | Reached skill level 5 in Dodging
  5621 | D:6      | HP: 2/56 [poisoned by an orc wizard]
  5621 | D:6      | Slain by an orc wizard

Illustrated notes

Levels and vault maps discovered:
D:1:      matt_arrival_spirals, layout_rooms, roderic_lattice_a,
          chequers_arboretum, minmay_close_crescents
D:2:      layout_basic, serial_shops, shop,
          hellmonk_ecumenical_altar_pennies_from_heaven, uniq_sigmund
D:3:      layout_rooms, dk_yredelemnul_ordeal, amethyst_overflow_temple_binary,
          nicolae_hepliaklqana_ecumenical_no_more,
          nicolae_kikubaaqudgha_miasma_corner
D:4:      layout_gridville
D:5:      nicolae_BIG_FREAKIN_CUBE, layout_loops_ring, serial_shops,
          nicolae_shop_window_shopping, nrook_mini_backslash,
          kennysheep_generic_room_10
D:6:      layout_layer_cave, uniq_blork_the_orc
Temple:   ebering_untended_altars

Skill      XL: |  1  2  3  4  5  6  7  8 |
---------------+-------------------------+-----
Stealth        | 7 8 9 |  9.4
Short Blades   | 3 4 5 |  5.0
Dodging        | 3 4 5 |  5.0
Fighting       | 4 5 |  5.5
Throwing       | 1 2 3 |  3.1
Shields        | 1 |  1.3

Action                     |  1- 3 |  4- 6 |  7- 9 || total
---------------------------+-------+-------+-------++-------
  Melee: Short sword       |    19 |   174 |   167 ||   360
         Tentacles         |    11 |    38 |    46 ||    95
         Constrict         |     6 |    35 |    26 ||    67
         Punch             |       |     4 |       ||     4
  Throw: Dart              |       |       |    12 ||    12
         Throwing net      |       |       |     1 ||     1
 Invoke: Curse Item        |       |       |     1 ||     1
  Evoke: Wand              |       |       |     2 ||     2
    Use: Potion            |       |     7 |     4 ||    11
         Scroll            |       |       |    20 ||    20
   Stab: Sleeping          |     4 |    10 |     7 ||    21
         Distracted        |       |     1 |       ||     1
 Armour: Skin              |     7 |    49 |    59 ||   115
  Dodge: Dodged            |     9 |    69 |    53 ||   131
  Block: Other             |       |    25 |    18 ||    43
         Reflection        |       |     2 |     3 ||     5

Table legend: (Time is in decaauts)
 A = Elapsed time spent in this place.
 B = Non-inter-level travel time spent in this place.
 C = Inter-level travel time spent in this place.
 D = Time resting spent in this place.
 E = Time spent auto-exploring this place.
 F = Levels seen in this place.
 G = Mean time per level.
                   A        B        C        D        E       F      G
               +--------+--------+--------+--------+--------+-----+--------+
         Total |   5475 |   5287 |    188 |   1342 |   2691 |   7 |  782.1 |
       Dungeon |   5398 |   5215 |    183 |   1342 |   2691 |   6 |  899.7 |
        Temple |     77 |     73 |      4 |      0 |      0 |   1 |   77.0 |
               +--------+--------+--------+--------+--------+-----+--------+

Top non-repeatable levels by time:
     D:5: 1299 daAuts
     D:2: 1006 daAuts
     D:4: 949 daAuts
     D:1: 814 daAuts
     D:3: 755 daAuts
     D:6: 573 daAuts
  Temple: 77 daAuts
